 Dungeon Crawl Stone Soup version 0.25-a0-366-g516bc45ae0 (webtiles) character file.

Game seed: 14189939942456962297, levelgen mode: deterministic

7796 sankara the Slicer (level 11, 0/72 HPs)
             Began as a Halfling Monk on Jan 6, 2020.
             Was a High Priest of Okawaru.
             Killed by vampiric draining
             ... invoked by a vampire
              (10 damage)
             ... on level 9 of the Dungeon.
             The game lasted 01:14:21 (14291 turns).

sankara the Slicer (Halfling Monk)                 Turns: 14291, Time: 01:14:22

Health: 0/72       AC:  8    Str: 10    XL:     11   Next: 43%
Magic:  20/21      EV: 22    Int:  8    God:    Okawaru [*****.]
Gold:   562        SH:  0    Dex: 28    Spells: 3/10 levels left

rFire    . . .     SeeInvis .   a - +1 dagger (protect)
rCold    . . .     Gourm    .   (shield restricted)
rNeg     . . .     Faith    +   G - +0 leather armour
rPois    .         Spirit   .   l - +2 helmet
rElec    .         Reflect  .   (no cloak)
rCorr    .         Harm     .   C - +0 pair of gloves
MR       .....                  D - +0 pair of boots
Stlth    ++........             S - amulet "Uherioc" {Faith Str-3 Dex+8}
HPRegen  0.22/turn              E - ring of magical power {MP+9}
MPRegen  0.17/turn              (no ring)

@: confused
A: small, mutation resistance 1
a: Heroism, Finesse, Renounce Religion


You were on level 9 of the Dungeon.
You worshipped Okawaru.
Okawaru was extremely pleased with you.
You were not hungry.

You visited 2 branches of the dungeon, and saw 11 of its levels.
You also visited: Ossuary.

You collected 562 gold pieces.

Inventory:

Hand Weapons
 a - a +1 dagger of protection (weapon)
   (You took it off a kobold on level 1 of the Dungeon)
 b - a +0 hunting sling
   (You found it on level 1 of the Dungeon)
 c - the +9 short sword "Jolasoe" {pierce, Str+3 Int+6 Dex-4}
   (You took it off an orc on level 7 of the Dungeon)

   It inflicts extra damage upon your enemies.
   It affects your strength (+3).
   It affects your intelligence (+6).
   It affects your dexterity (-4).
 d - a +0 dagger of venom
   (You took it off an orc wizard on level 7 of the Dungeon)
 O - a +0 rapier
   (You took it off an orc on level 7 of the Dungeon)
 V - a +0 scimitar
   (You took it off an orc warrior on level 7 of the Dungeon)
Missiles
 i - 153 stones
 j - 14 poisoned darts (quivered)
 L - 18 sling bullets
 N - a throwing net {=f, !d}
 Q - 17 boomerangs
 Z - 7 silver boomerangs
Armour
 k - a +1 scale mail of cold resistance
   (Okawaru gifted it to you on level 9 of the Dungeon)
 l - a +2 helmet (worn)
   (You found it on level 2 of the Dungeon)
 C - a +0 pair of gloves (worn)
   (You found it on level 4 of the Dungeon)
 D - a +0 pair of boots (worn)
   (You found it on level 4 of the Dungeon)
 G - a +0 leather armour (worn)
   (You took it off an orc on level 9 of the Dungeon)
 H - a +0 shield
   (You found it on level 5 of the Dungeon)
Jewellery
 n - an uncursed amulet of guardian spirit {Spirit}
   (You found it on level 3 of the Dungeon)
 E - a ring of magical power (left hand) {MP+9}
   (You found it on level 4 of the Dungeon)
 S - the amulet "Uherioc" (around neck) {Faith Str-3 Dex+8}
   (You found it on level 7 of the Dungeon)

   [amulet of faith]

   It allows you to gain divine favour quickly.
   It affects your strength (-3).
   It affects your dexterity (+8).
Wands
 h - a wand of iceblast (9)
   (You found it on level 4 of the Dungeon)
 x - a wand of random effects (11)
   (You found it on level 7 of the Dungeon)
 F - a wand of disintegration (1)
   (You found it on level 4 of the Dungeon)
 X - a wand of paralysis (13)
   (You found it on level 8 of the Dungeon)
Scrolls
 g - a scroll of fear {unknown}
 m - a scroll of blinking {!r}
 q - 2 scrolls of magic mapping {!r}
 s - 8 scrolls of remove curse
 t - a scroll of enchant armour {unknown}
 u - a scroll of immolation {unknown}
 v - 3 scrolls of amnesia
 y - 3 scrolls of fog
 z - 3 scrolls of enchant weapon
 A - 3 scrolls of teleportation
 I - 4 scrolls of acquirement {unknown}
 K - a scroll of holy word {unknown}
 R - a scroll of noise {unknown}
 T - 4 scrolls of random uselessness {unknown}
Potions
 e - 3 potions of lignification {!q}
 f - 2 potions of heal wounds
 o - 2 potions of haste
 p - 3 potions of brilliance
 r - 2 potions of mutation {!q}
 w - 9 potions of curing
 B - a potion of might
 J - 2 potions of ambrosia
 M - a potion of cancellation
 U - 3 potions of flight
Comestibles
 P - 23 rations
 W - 6 chunks of flesh {@w0}


   Skills:
 + Level 6.1 Fighting
 - Level 10.1 Short Blades
 - Level 6.0 Throwing
 + Level 7.8 Dodging
 + Level 10.0 Stealth
 - Level 3.0 Hexes
 - Level 2.4 Necromancy
 + Level 4.1 Translocations
 + Level 1.5 Invocations


You had 3 spell levels left.
You knew the following spells:

 Your Spells              Type           Power        Failure   Level  Hunger
a - Animate Skeleton      Necr           N/A          22%         1    ##.....
b - Portal Projectile     Hex/Tloc       #.....       38%         3    ####...
c - Confuse               Hex            #.......     45%         3    ####...

Your spell library contained the following spells:

 Spells                   Type           Power        Failure   Level  Hunger
 Confusing Touch          Hex            #.....       17%         1    ##.....
 Corona                   Hex            #......      17%         1    ##.....
 Pain                     Necr           #...         22%         1    ##.....
 Slow                     Hex            #.......     26%         2    ###....
 Gell's Gravitas          Tloc           #.........   32%         3    ####...
 Vampiric Draining        Necr           #.........   56%         3    ####...
 Inner Flame              Hex/Fire       #.......     67%         3    ####...
 Cause Fear               Hex            #.........   86%         4    #####..
 Animate Dead             Necr           N/A          92%         4    #####..
 Leda's Liquefaction      Hex/Erth       #.........   97%         4    #####..
 Petrify                  Tmut/Erth      #.......     99%         4    #####..
 Agony                    Necr           #.......     99%         5    ######.
 Metabolic Englaciation   Hex/Ice        #.........   100%        5    ######.
 Yara's Violent Unravell  Hex/Tmut       #.........   100%        5    ######.


Dungeon Overview and Level Annotations

Branches:
Dungeon (10/15)            Temple (1/1) D:6         Ossuary (visited)
   Lair: D:8-11         Orc: D:9-12

Altars:
Ashenzari
Cheibriados
Dithmenos
Elyvilon
Fedhas
Gozag
Hepliaklqana
Kikubaaqudgha
Makhleb
Nemelex Xobeh
Okawaru
Qazlal
Ru
Sif Muna
Trog
Uskayaw
Vehumet
Wu Jian
Xom
Yredelemnul
Zin
The Shining One


Innate Abilities, Weirdness & Mutations

You are small and have problems with some larger weapons.
You are somewhat resistant to further mutation.


Message History

Your +0 dagger of venom stops dripping with poison.
Your +1 dagger of protection hums with potential!
a - a +1 dagger of protection (weapon)
Your yak skeleton closely misses the yak.
Your yak skeleton gores the vampire but does no damage.
You hit the vampire but do no damage.
Your weapon exudes an aura of protection.
The vampire misses you. The vampire barely misses you. The yak gores you!
Your yak skeleton gores the yak but does no damage.
The vampire points at you and mumbles some strange words.
You resist with some effort.
Your yak skeleton misses the vampire.
There is an open door here.
You barely miss the yak.
The yak is moderately wounded.
You barely miss the yak.
The yak is moderately wounded.
The vampire hits your yak skeleton! The vampire bites your yak skeleton!
Your yak skeleton gores the vampire but does no damage.
Your yak skeleton gores the yak!
The yak gores your yak skeleton!
You hit the yak but do no damage.
The yak is heavily wounded.
You hit the yak but do no damage.
The yak is severely wounded.
The yak barely misses you.
Your yak skeleton gores the yak but does no damage.
Your yak skeleton gores the yak.
You hit the yak.
The yak is severely wounded.
The vampire completely misses you. The vampire misses you.
You closely miss the yak.
The yak is almost dead.
The yak misses you.
You hit the yak.
The yak is almost dead.
You kill the yak!
Okawaru accepts your kill.
Your yak skeleton gores the vampire.
The vampire closely misses you. x2
You hit the vampire.
The vampire is lightly damaged.
You hit the vampire but do no damage.
The vampire is lightly damaged.
Your yak skeleton barely misses the vampire.
The vampire hits you. The vampire barely misses you.
You hit the vampire but do no damage.
The vampire is lightly damaged.
Your yak skeleton closely misses the vampire.
You hit the vampire but do no damage.
The vampire is lightly damaged.
The vampire misses you. The vampire barely misses you.
You hit the vampire but do no damage.
The vampire is lightly damaged.
Your yak skeleton barely misses the vampire.
Your yak skeleton completely misses the vampire.
You hit the vampire but do no damage.
The vampire is lightly damaged.
The vampire casts a spell at you.
You are confused.
Are you sure you want to stumble around while confused and next to your ally the yak skeleton?
This could place you under penance!
Okay, then.
Your yak skeleton gores the vampire!
Your yak skeleton barely misses the vampire.
The vampire hits you. The vampire closely misses you.
Your yak skeleton gores the vampire.
Your yak skeleton barely misses the vampire.
The vampire mumbles some strange words.
The vampire flickers and vanishes!
Deactivating autopickup; reactivate with Ctrl-A.
Your yak skeleton gores something!
Something hits your yak skeleton. Something bites your yak skeleton!
You hear some strange, mumbled words.
Your yak skeleton resists with significant effort.
Your yak skeleton barely misses something.
Something hits your yak skeleton. Something bites your yak skeleton.
You feel less confused.
Your yak skeleton gores something.
Something hits your yak skeleton! Something bites your yak skeleton!
Your yak skeleton is destroyed!
You swap places.
Something hits you! Something bites you but does no damage.
There is a stone staircase leading down, spattered with blood here.
You see here a yak corpse.
Casting: Animate Skeleton (safe; 22% risk of failure)
Confirm with . or Enter, or press ? or * to list all spells.
You attempt to give life to the dead...
Before your eyes, flesh is ripped from the corpse!
The dead are walking!
You hear some strange, mumbled words.
You are confused.
There is a stone staircase leading down, spattered with blood here.
You see here 5 chunks of flesh {@w0}.
Are you sure you want to stumble around while confused and next to your ally the yak skeleton?
This could place you under penance!
Okay, then.
Unholy energy fills the air.
* * * LOW HITPOINT WARNING * * *
Your yak skeleton closely misses something.
Something barely misses you. Something bites you!
* * * LOW HITPOINT WARNING * * *
Something draws strength from your injuries!
Your yak skeleton barely misses something.
Unholy energy fills the air.
You die...

.......#.###..........#)[...#....
.........# #..........#)#####....
.......### #..........'.# #....
#####.## #..........### ##'##
##..# #..........# #.# ###..##
###'######## #.## #...## #...#
#... #.#### ###Z#### ###. .....#
#..@{Z.# #. .....# #..(...# #####
(....# #......# #.... .....#####
#......# #.... .........##
#......# ######....
.....###..####......####....+....
.....# ##.Z..#......'....####....
.....# ####.'......###### #....
.....# ###...>..# #####


You could see 2 friendly yak skeletons.

Vanquished Creatures
  Gastronok (D:9)
  Pikel (D:3)
  A hippogriff (D:7)
  A human (D:8)
  4 hogs (D:8)
  4 yaks (D:9)
  Grum (D:9)
  Duvessa (D:7)
  3 orc warriors
  A sky beast (D:7)
  4 ogres
  A necrophage (D:6)
  4 wolves (D:9)
  3 centaurs
  An elf zombie (Ossuary)
  4 bullfrogs
  Dowan (D:7)
  2 scorpions
  8 killer bees
  3 wights
  3 howler monkeys (D:6)
  A quasit (D:10)
  2 crimson imps
  5 hounds
  3 orc priests
  2 bullfrog skeletons
  A human zombie (Ossuary)
  A centaur skeleton (D:8)
  3 jellies
  6 iguanas
  11 orc wizards
  9 worker ants
  A killer bee zombie (D:7)
  4 big kobold zombies (Ossuary)
  A hound zombie (D:6)
  2 hound skeletons
  2 mummies (Ossuary)
  11 adders
  3 gnolls (D:7)
  A shadow imp (D:7)
  An ooze (D:2)
  An adder skeleton (D:5)
  3 adder zombies
  2 worms
  5 dart slugs
  3 leopard geckos
  40 orcs
  9 giant cockroaches
  10 hobgoblins
  18 jackals
  5 kobolds
  2 quokkas
  3 ball pythons (D:1)
  4 bats
  3 frilled lizards
  4 goblins
  A goblin zombie (Ossuary)
  12 hobgoblin zombies (Ossuary)
  2 jackal zombies (Ossuary)
  5 kobold zombies (Ossuary)
  8 orc zombies (Ossuary)
  A quokka skeleton (D:7)
  7 rats
  2 rat zombies (Ossuary)
272 creatures vanquished.

Vanquished Creatures (collateral kills)
  An orc wizard (D:9)
  An orc (D:8)
2 creatures vanquished.

Vanquished Creatures (others)
  A slave (D:4)
  2 worker ants (D:4)
  A killer bee zombie (D:4)
  A quokka (D:4)
5 creatures vanquished.

Grand Total: 279 creatures vanquished

Notes
Turn   | Place    | Note
-------+----------+-------------------------------------------
     0 | D:1      | sankara the Halfling Monk began the quest for the Orb.
     0 | D:1      | Reached XP level 1. HP: 15/15 MP: 1/1
   160 | D:1      | HP: 3/15 [goblin/+0 spear (7)]
   163 | D:1      | Reached XP level 2. HP: 4/20 MP: 2/2
   531 | D:1      | Reached skill level 4 in Short Blades
  1058 | D:1      | Reached XP level 3. HP: 25/25 MP: 3/3
  1117 | D:1      | HP: 6/25 [kobold/+1 dagger of protection (1)]
  1123 | D:1      | HP: 4/25 [kobold/+1 dagger of protection (2)]
  1471 | D:1      | Found a glowing golden altar of the Shining One.
  1777 | D:2      | Reached skill level 3 in Stealth
  1905 | D:2      | Reached XP level 4. HP: 23/30 MP: 4/4
  2182 | D:2      | HP: 5/30 [iguana (7)]
  2188 | D:2      | Reached skill level 5 in Short Blades
  2188 | D:2      | Reached skill level 1 in Throwing
  2757 | D:3      | Reached XP level 5. HP: 35/35 MP: 5/5
  3574 | D:4      | Noticed Pikel
  3574 | D:4      | Noticed a slave
  3574 | D:4      | Noticed a slave
  3574 | D:4      | Noticed a slave
  3575 | D:4      | Noticed a slave
  3633 | D:3      | HP: 8/35 [Pikel/+2 whip of flaming (1)]
  3639 | D:3      | Killed Pikel
  3639 | D:3      | Reached skill level 7 in Short Blades
  3639 | D:3      | Reached skill level 3 in Throwing
  3639 | D:3      | Reached skill level 5 in Stealth
  3639 | D:3      | Reached XP level 6. HP: 10/41 MP: 4/6
  3639 | D:3      | Reached XP level 7. HP: 11/45 MP: 4/7
  4112 | D:4      | Reached XP level 8. HP: 42/51 MP: 6/8
  4577 | D:5      | Entered Level 5 of the Dungeon
  4593 | D:5      | Reached skill level 8 in Short Blades
  4824 | D:5      | Reached skill level 4 in Dodging
  5077 | D:5      | Reached skill level 4 in Throwing
  5335 | D:5      | Found a shadowy altar of Dithmenos.
  5835 | D:6      | Reached skill level 9 in Short Blades
  5835 | D:6      | Reached skill level 6 in Stealth
  6138 | D:6      | Reached XP level 9. HP: 49/54 MP: 9/9
  6278 | D:6      | Found a shattered altar of Ashenzari.
  6409 | D:6      | Found a blossoming altar of Fedhas.
  6518 | D:6      | Reached skill level 10 in Short Blades
  6518 | D:6      | Reached skill level 5 in Throwing
  6770 | D:6      | Reached skill level 7 in Stealth
  6949 | D:6      | Found a staircase to the Ecumenical Temple.
  6960 | Temple   | Entered the Ecumenical Temple
  7159 | Temple   | Became a worshipper of Warmaster Okawaru
  7159 | Temple   | Reached * piety under Okawaru
  7159 | Temple   | Reached ** piety under Okawaru
  7287 | D:6      | Reached skill level 3 in Fighting
  7787 | D:7      | Noticed a hippogriff
  7812 | D:7      | Killed a hippogriff
  7854 | D:7      | Noticed Duvessa
  7867 | D:7      | Killed Duvessa
  7874 | D:7      | Noticed Dowan
  7887 | D:7      | Killed Dowan
  7887 | D:7      | Reached skill level 5 in Dodging
  8051 | D:7      | Identified the +9 short sword "Jolasoe" {pierce, Str+3
                  | Int+6 Dex-4}
  8063 | D:7      | Reached *** piety under Okawaru
  8063 | D:7      | Reached skill level 6 in Throwing
  8147 | D:7      | Got a scintillating brass amulet
  8149 | D:7      | Identified the amulet "Uherioc" {Faith Str-3 Dex+8} (You
                  | found it on level 7 of the Dungeon)
  8296 | D:7      | Learned a level 1 spell: Animate Skeleton
  8494 | D:7      | Reached skill level 4 in Fighting
  8494 | D:7      | Reached skill level 8 in Stealth
  8494 | D:7      | Reached XP level 10. HP: 58/62 MP: 10/10
  8654 | D:7      | Reached skill level 1 in Necromancy
  9523 | D:7      | HP: 13/64 [wight/+0 falchion (7)]
 10471 | D:8      | Reached skill level 6 in Dodging
 10577 | D:8      | Found a sand-covered staircase.
 10582 | Ossuary  | Entered an ossuary
 10811 | Ossuary  | Reached skill level 2 in Necromancy
 11530 | D:8      | Learned a level 3 spell: Portal Projectile
 11534 | D:8      | Learned a level 3 spell: Confuse
 11746 | D:8      | Reached **** piety under Okawaru
 11746 | D:8      | Reached skill level 5 in Fighting
 12169 | D:8      | Reached skill level 9 in Stealth
 12169 | D:8      | Reached skill level 1 in Translocations
 12176 | D:8      | Reached skill level 1 in Hexes
 12288 | D:9      | Noticed Gastronok
 12338 | D:9      | HP: 5/65 [Gastronok/the air (16)]
 12356 | D:9      | HP: 7/66 [Gastronok (20)]
 12362 | D:9      | Killed Gastronok
 12362 | D:9      | Reached ***** piety under Okawaru
 12362 | D:9      | Received a gift from Okawaru
 12362 | D:9      | Received a gift from Okawaru
 12362 | D:9      | Received a gift from Okawaru
 12362 | D:9      | Reached skill level 7 in Dodging
 12362 | D:9      | Reached skill level 2 in Hexes
 12362 | D:9      | Reached skill level 3 in Translocations
 12362 | D:9      | Reached XP level 11. HP: 8/72 MP: 11/11
 13034 | D:9      | Noticed Grum
 13132 | D:9      | Killed Grum
 13132 | D:9      | Reached skill level 6 in Fighting
 13247 | D:9      | HP: 10/72 [orc wizard/puff of flame (11)]
 13252 | D:9      | HP: 7/72 [orc wizard/+0 dagger (2)]
 13619 | D:10     | Entered Level 10 of the Dungeon
 13723 | D:9      | Reached skill level 1 in Invocations
 13838 | D:9      | Received a gift from Okawaru
 14113 | D:9      | Reached skill level 10 in Stealth
 14113 | D:9      | Reached skill level 4 in Translocations
 14153 | D:9      | Reached skill level 3 in Hexes
 14290 | D:9      | HP: 10/72 [something (11)]
 14291 | D:9      | Killed from afar by a vampire

Levels and vault maps discovered:
D:1:      minmay_arrival_plants_in_alcoves, layout_basic, fountainhead,
          kennysheep_flooded_box, minmay_door_square, st_stairs_1
D:2:      layout_loops_cross, first_ration, minmay_worlds_worst_comb
D:3:      layout_basic, minmay_misc_feat_chi
D:4:      layout_cave_pools, uniq_pikel
D:5:      layout_basic, grunt_dithmenos_smoke_and_mirrors
D:6:      minmay_angry_zag, layout_cave_pods, ashenzari_conservatory_becter,
          minmay_temple_entry_mist, fedhas_altar_1
D:7:      layout_layer_cave, uniq_duvessa
D:8:      layout_basic, enter_ossuary_5, grunt_livestock
D:9:      layout_roguey, minmay_misc_feat_plants, uniq_gastronok, uniq_grum
D:10:     layout_loops_ring, david_lair_generic, serial_bayou_lagoon_a,
          minivault_8, uniq_urug
Temple:   compressed_dpeg_triangle_lava_temple

Skill      XL: |  1  2  3  4  5  6  7  8  9 10 11 |
---------------+----------------------------------+-----
Short Blades   | 4 5 7 9 10 | 10.1
Stealth        | 3 5 6 8 9 10 | 10.0
Throwing       | 1 3 4 6 |  6.0
Dodging        | 4 5 7 |  7.8
Fighting       | 4 5 6 |  6.1
Necromancy     | 2 |  2.4
Translocations | 3 4 |  4.1
Hexes          | 2 3 |  3.0
Invocations    | 1 |  1.5

Action                   |  1- 3 |  4- 6 |  7- 9 | 10-12 || total
-------------------------+-------+-------+-------+-------++-------
Melee: Short sword       |    76 |       |       |       ||    76
       Dagger            |    41 |   222 |   631 |  1022 ||  1916
       Punch             |       |       |       |     4 ||     4
 Fire: Hunting sling     |       |       |    19 |    16 ||    35
Throw: Dart              |     6 |    12 |   111 |    92 ||   221
       Stone             |       |       |     5 |       ||     5
       Boomerang         |       |       |       |     1 ||     1
 Cast: Animate Skeleton  |       |       |     1 |    25 ||    26
       Confuse           |       |       |       |     1 ||     1
Invok: Heroism           |       |       |     1 |    10 ||    11
Evoke: Wand              |       |       |       |     4 ||     4
  Use: Scroll            |     3 |       |       |    10 ||    13
       Potion            |       |       |       |     4 ||     4
 Stab: Sleeping          |     5 |     9 |    17 |     9 ||    40
       Distracted        |       |       |       |     3 ||     3
  Eat: Chunk             |     3 |     6 |    15 |    18 ||    42
       Ration            |       |       |       |     1 ||     1
Armor: Robe              |    19 |    56 |   129 |   104 ||   308
       Leather armour    |       |       |       |    12 ||    12
Dodge: Dodged            |    58 |   132 |   319 |   596 ||  1105

Table legend:
 A = Non-vault XP
 B = Vault XP
 C = Vault XP percentage of total XP
 D = Non-vault monster count
 E = Vault monster count
 F = Vault count percentage of total count
                 A         B        C        D         E       F
            +---------+---------+-------+---------+---------+-------
      Total |    5842 |    5296 |  47.5 |     213 |      61 |  22.3
            +---------+---------+-------+---------+---------+-------
        D:1 |      44 |       4 |   8.3 |      22 |       2 |   8.3
        D:2 |      85 |       4 |   4.5 |      13 |       2 |  13.3
        D:3 |     109 |     651 |  85.7 |      31 |       1 |   3.1
        D:4 |     168 |       0 |   0.0 |       6 |       0 |   0.0
        D:5 |     527 |       0 |   0.0 |      28 |       0 |   0.0
        D:6 |    1150 |     221 |  16.1 |      38 |       4 |   9.5
        D:7 |    1443 |     232 |  13.9 |      33 |       2 |   5.7
        D:8 |     770 |    1005 |  56.6 |      17 |       5 |  22.7
        D:9 |    1498 |    2864 |  65.7 |      24 |       6 |  20.0
       D:10 |      48 |       0 |   0.0 |       1 |       0 |   0.0
    Ossuary |       0 |     315 | 100.0 |       0 |      39 | 100.0
            +---------+---------+-------+---------+---------+-------

Levels and vault maps discovered:
D:1:      minmay_arrival_plants_in_alcoves, layout_basic, fountainhead,
          kennysheep_flooded_box, minmay_door_square, st_stairs_1
D:2:      layout_loops_cross, first_ration, minmay_worlds_worst_comb
D:3:      layout_basic, minmay_misc_feat_chi
D:4:      layout_cave_pools, uniq_pikel
D:5:      layout_basic, grunt_dithmenos_smoke_and_mirrors
D:6:      minmay_angry_zag, layout_cave_pods, ashenzari_conservatory_becter,
          minmay_temple_entry_mist, fedhas_altar_1
D:7:      layout_layer_cave, uniq_duvessa
D:8:      layout_basic, enter_ossuary_5, grunt_livestock
D:9:      layout_roguey, minmay_misc_feat_plants, uniq_gastronok, uniq_grum
D:10:     layout_loops_ring, david_lair_generic, serial_bayou_lagoon_a,
          minivault_8, uniq_urug
Temple:   compressed_dpeg_triangle_lava_temple

Table legend:
 A = Turns spent in this place as a percentage of turns spent in the entire game.
 B = Non-inter-level travel turns spent in this place as a percentage of non-inter-level travel turns spent in the entire game.
 C = Inter-level travel turns spent in this place as a percentage of turns spent in this place.
 D = Turns resting spent in this place as a percentage of non-inter-level travel turns spent in this place.
 E = Turns spent auto-exploring this place as a percentage of non-inter-level travel turns spent in this place.
 F = Non-inter-level travel turns spent in this place divided by the number of levels of this place that you've seen.
                   A       B       C       D       E      F
               +-------+-------+-------+-------+-------+----------------------
         Total | 100.0 | 100.0 |   3.5 |  26.5 |  38.4 | 1149.0
       Dungeon |  94.4 |  94.3 |   3.7 |  28.1 |  38.6 | 1299.9
        Temple |   1.5 |   1.5 |   4.3 |   0.0 |  88.1 | 201.0
       Ossuary |   4.1 |   4.3 |   0.0 |   0.0 |  18.0 | 588.0
               +-------+-------+-------+-------+-------+----------------------

Table legend:
 A = Kills in this place as a percentage of kills in entire the game.
 B = Kills by you in this place as a percentage of kills by you in the entire game.
 C = Kills by friends in this place as a percentage of kills by friends in the entire game.
 D = Other kills in this place as a percentage of other kills in the entire game.
 E = Experience gained in this place as a percentage of experience gained in the entire game.
 F = Experience gained in this place divided by the number of levels of this place that you have seen.
                   A       B       C       D       E      F
               +-------+-------+-------+-------+-------+----------------------
         Total | 100.0 | 100.0 | 100.0 |   N/A | 100.0 | 928.2
       Dungeon |  85.8 |  85.7 | 100.0 |   N/A |  97.2 | 1082.3
       Ossuary |  14.2 |  14.3 |   0.0 |   N/A |   2.8 | 315.0
               +-------+-------+-------+-------+-------+----------------------
